 Dungeon Crawl Stone Soup version 0.32-a0-861-g165e151e72 (webtiles) character file.

Game seed: 7803912892377772016

331 Ajdolov the Chiller (level 6, -2/45 HPs)
             Began as a Ghoul Ice Elementalist on Mar 28, 2024.
             Slain by an ogre
             ... wielding a +0 giant spiked club
              (25 damage)
             ... on level 4 of the Dungeon.
             The game lasted 00:06:56 (3882 turns).

Ajdolov the Chiller (Ghoul Ice Elementalist)        Turns: 3882, Time: 00:06:57

Health: -2/45      AC:  4    Str: 12    XL:     6   Next: 52%
Magic:  8/11       EV: 11    Int: 16    God:
Gold:   156        SH:  0    Dex:  9    Spells: 8/12 levels left

rFire   . . .        o - +2 dagger (venom)
rCold   + . .        (no shield)
rNeg    + + +        a - +0 robe
rPois   ∞            (no helmet)
rElec   .            m - +1 cloak
rCorr   .            (no gloves)
SInv    .            (no boots)
Will    .....        (no amulet)
Stlth   ++           (no ring)
HPRegen 0.00/turn    (no ring)
MPRegen 0.12/turn

%: no passive effects
@: freezing walls, inhibited regen
A: claws 1, cold resistance 1, negative energy resistance 3, inhibited
regeneration, torment resistance 2, devour on kill
a: no special abilities


You were on level 4 of the Dungeon.
You visited 1 branch of the dungeon, and saw 4 of its levels.

You collected 180 gold pieces.
You spent 24 gold pieces at shops.

Inventory:

Hand Weapons
 o - a +2 dagger of venom (weapon)
Armour
 a - a +0 robe (worn)
 m - a +1 cloak (worn)
Scrolls
 d - a scroll of revelation
 f - 3 scrolls of teleportation
 g - a scroll of vulnerability
 n - a scroll of immolation
Potions
 b - a potion of magic
 c - 2 potions of curing {unknown}
 e - a potion of attraction {unknown}
 h - a potion of brilliance {unknown}
 i - a potion of ambrosia {unknown}
 k - 2 potions of lignification {unknown}
 l - a potion of cancellation {unknown}


   Skills:
 - Level 1.7 Dodging
 - Level 2.1 Stealth
 + Level 3.5 Spellcasting
 * Level 7.2 Ice Magic


You had 8 spell levels left.
You knew the following spells:

 Your Spells              Type           Power      Damage    Failure   Level
a - Freeze                Ice            100%       1d10      1%          1
b - Frozen Ramparts       Ice            52%        1d8       2%          3

Your spell library contained the following spells:

 Spells                   Type           Power      Damage    Failure   Level
 Ozocubu's Armour         Ice            26%        N/A       2%          3
 Summon Ice Beast         Ice/Summ       14%        N/A       12%         3
 Dazzling Flash           Conj/Hex       4%         N/A       47%         3
 Mephitic Cloud           Conj/Alch/Air  2%         N/A       47%         3
 Curse of Agony           Necr           2%         N/A       99%         5
 Silence                  Hex/Air        1%         N/A       99%         5


Dungeon Overview and Level Annotations

Branches:
Dungeon (4/15)
 Temple: D:4-7

Altars:

Shops:
D:3 ?

Annotations:
D:3 exclusion: black bear, Grinder


Innate Abilities, Weirdness & Mutations

You are immune to poison.
You have sharp fingernails.
Your flesh is cold resistant. (rC+)
You are immune to negative energy. (rN+++)
You do not regenerate when monsters are visible.
You are immune to unholy pain and torment.
You thrive by killing the living.


Message History

You kill the orc!
The ogre hits you with a +0 giant spiked club!
Things that are here:
a +0 club; an orc corpse You hit the ogre.
The ogre is lightly wounded.
You hit the ogre.
The ogre is poisoned.
The ogre is lightly wounded.
The ogre hits you with a +0 giant spiked club!
Unknown command.
Casting: Frozen Ramparts (dangerous; 2% risk of failure)
Confirm with . or Enter, or press ? or * to list all spells.
Casting: Frozen Ramparts (dangerous; 2% risk of failure)
Press: ? - help, Dir - look around, f - activate The walls around you are covered in ice.
The wall freezes the ogre.
The ogre closely misses you.
Casting: Frozen Ramparts (dangerous; 2% risk of failure)
Confirm with . or Enter, or press ? or * to list all spells.
You don't know that spell.
Unknown command.
Casting: Frozen Ramparts (dangerous; 2% risk of failure)
Confirm with . or Enter, or press ? or * to list all spells.
You don't know that spell.
Unknown command.
Casting: Frozen Ramparts (dangerous; 2% risk of failure)
Confirm with . or Enter, or press ? or * to list all spells.
Okay, then.
You barely miss the ogre.
The ogre is moderately wounded.
Unknown command.
You hit the ogre.
The ogre looks as sick as possible!
The ogre is heavily wounded.
The wall freezes the ogre.
The ogre closely misses you.
Unknown command.
You hit the ogre.
The ogre is severely wounded.
The wall freezes the ogre.
The ogre hits you with a +0 giant spiked club!!
Ouch! That really hurt!
You die...

### ##.# #..+
..### ##..#
#....##...##+#
#.@#..#..#
#.O###..#
###### #.##
##.## ###..##.
#.
##.###.......
..
##.....#....
...
#...####..#
### ######...#
#..# .<.#...##
##.# #......#
#.#


You could see an ogre (extremely poisoned).

Vanquished Creatures
  3 orc priests
  Jessica (D:3)
  An orc wizard (D:3)
  Natasha (twice) (D:3)
  5 adders
  2 dart slugs
  A ribbon worm (D:2)
  9 orcs
  3 ball pythons
  7 endoplasms
  2 giant cockroaches (D:1)
  12 hobgoblins
  4 jackals (D:1)
  4 quokkas
  4 bats (D:2)
  3 frilled lizards
  6 goblins
  6 kobolds
  9 rats
84 creatures vanquished.

Notes
Turn   | Place    | Note
-------+----------+-------------------------------------------
     0 | D:1      | Ajdolov the Ghoul Ice Elementalist began the quest for the
                  | Orb.
     0 | D:1      | Reached XP level 1. HP: 14/14 MP: 3/3
   130 | D:1      | Reached XP level 2. HP: 18/20 MP: 0/4
   339 | D:1      | Reached skill level 5 in Ice Magic
   466 | D:1      | Reached XP level 3. HP: 26/26 MP: 3/6
   475 | D:1      | Learned a level 3 spell: Frozen Ramparts
  1208 | D:2      | Found a faded altar of an unknown god.
  1324 | D:2      | Reached XP level 4. HP: 33/33 MP: 2/7
  1818 | D:3      | Noticed Grinder
  1911 | D:3      | Paralysed by Grinder for 4 turns
  1918 | D:3      | Paralysed by Grinder for 4 turns
  2111 | D:3      | Paralysed by Grinder for 5 turns
  2129 | D:3      | Paralysed by Grinder for 5 turns
  2134 | D:3      | HP: 1/33 [Grinder (7)]
  2367 | D:3      | Noticed Natasha
  2371 | D:3      | Killed Natasha
  2430 | D:3      | Noticed a black bear
  2542 | D:3      | Reached skill level 6 in Ice Magic
  2643 | D:3      | Reached XP level 5. HP: 38/38 MP: 4/9
  3274 | D:3      | Noticed Jessica
  3280 | D:3      | Killed Jessica
  3341 | D:3      | Noticed Natasha
  3348 | D:3      | Killed Natasha
  3349 | D:3      | Reached XP level 6. HP: 45/45 MP: 4/10
  3434 | D:3      | Found Bah Her's Magic Scroll Shop.
  3442 | D:3      | Bought a scroll of identify for 24 gold pieces
  3518 | D:3      | Paralysed by Grinder for 2 turns
  3528 | D:3      | Paralysed by Grinder for 2 turns
  3717 | D:4      | Reached skill level 7 in Ice Magic
  3882 | D:4      | Slain by an ogre

Illustrated notes

Levels and vault maps discovered:
D:1:      dpeg_arrival_windows_large_door, layout_rooms
D:2:      layout_basic, ebering_ecumenical_altar_box, minmay_hexomino_u4
D:3:      minmay_door_path, layout_loops_ring, nicolae_overflow_hidden_temple,
          serial_shops, shop, uniq_grinder, uniq_natasha, uniq_jessica
D:4:      layout_layer_cave, minmay_temple_entry_statues_fountains,
          minmay_liquid_box, pf_guarded_unrand_woodcutter

Skill      XL: |  1  2  3  4  5  6 |
---------------+-------------------+-----
Spellcasting   | 2 3 |  3.5
Ice Magic      | 5 6 7 |  7.2
Dodging        | |  1.7
Stealth        | |  2.1

Action                     |  1- 3 |  4- 6 || total
---------------------------+-------+-------++-------
  Melee: Unarmed           |    32 |       ||    32
         Club              |     6 |       ||     6
         Dagger            |       |    39 ||    39
   Cast: Freeze            |    63 |    37 ||   100
         Frozen Ramparts   |       |    19 ||    19
    Use: Scroll            |       |     4 ||     4
   Stab: Sleeping          |     1 |       ||     1
 Armour: Robe              |    46 |    51 ||    97
  Dodge: Dodged            |    45 |    41 ||    86

Table legend: (Time is in decaauts)
 A = Elapsed time spent in this place.
 B = Non-inter-level travel time spent in this place.
 C = Inter-level travel time spent in this place.
 D = Time resting spent in this place.
 E = Time spent auto-exploring this place.
 F = Levels seen in this place.
 G = Mean time per level.
                   A        B        C        D        E       F      G
               +--------+--------+--------+--------+--------+-----+--------+
         Total |   3879 |   3592 |    287 |    303 |   2562 |   4 |  969.8 |
       Dungeon |   3879 |   3592 |    287 |    303 |   2562 |   4 |  969.8 |
               +--------+--------+--------+--------+--------+-----+--------+

Top non-repeatable levels by time:
     D:3: 1492 daAuts
     D:2: 1410 daAuts
     D:1: 807 daAuts
     D:4: 169 daAuts
